[Event "Titled Tuesday Blitz March 21 Late 2023"]
[White "Todev, Simeon"]
[Black "Rastbod, Ali"]
[WhiteFideId "2925133"]
[BlackFideId "12567477"]
[WhiteElo "1938"]
[BlackElo "2211"]
[Result "0-1"]
[Round "10"]
[TimeControl "180+2"]
[Date "2023.03.21"]
[WhiteClock "0:00:04"]
[BlackClock "0:01:28"]

1. e4 c6 2. d4 d5 3. e5 c5 4. c3 cxd4 5. cxd4 Nc6 6. Nf3 Bg4 7. Be3 e6 8. Nc3 Qb6 9. Qd2 Bxf3 10. gxf3 Nge7 11. Bd3 Nb4 12. Bc2 Nxc2+ 13. Qxc2 Rc8 14. Qd2 Nf5 15. Rc1 Bb4 16. O-O O-O 17. Rfd1 f6 18. f4 fxe5 19. fxe5 Nh4 20. Qe2 Bxc3 21. bxc3 Nf3+ 22. Kg2 Qc7 23. c4 dxc4 24. Rc3 Qc6 25. d5 exd5 26. Bd4 Nh4+ 27. Kh1 Nf5 28. Qg4 g6 29. f3 Rce8 30. Re1 b5 31. a3 a5 32. Rb1 Rb8 33. Rc2 Nxd4 34. Qxd4 Rxf3 35. Rd1 Rd8 36. Qg4 d4 37. Kg1 d3 38. Rf2 Rxf2 39. Kxf2 Qc5+ 40. Kg2 Qxe5 41. Rf1 Qe2+ 42. Qxe2 dxe2 43. Re1 Re8 44. Kf2 c3 45. a4 b4 0-1


[Site "https://www.chess.com"]

[Event "Titled Tuesday Blitz March 21 Late 2023"]
[White "drdaro"]
[Black "ilya2700"]
[WhiteElo "2421"]
[BlackElo "2188"]
[Result "0-1"]
[Round "10"]
[TimeControl "180+2"]
[Date "2023.03.21"]
[WhiteClock "0:00:19"]
[BlackClock "0:00:11"]

1. c4 e6 2. d4 d5 3. Nc3 Nf6 4. Nf3 Nbd7 5. Bf4 dxc4 6. e4 Nb6 7. a4 a5 8. Be2 Bb4 9. Qc2 O-O 10. O-O Bxc3 11. bxc3 Bd7 12. Bg5 h6 13. Bh4 g5 14. Nxg5 hxg5 15. Bxg5 Kh8 16. e5 Nbd5 17. Bf3 Rg8 18. Bh4 Qf8 19. exf6 Bc6 20. Qd2 Rg6 21. Be4 Qh6 22. Qxh6+ Rxh6 23. Bg5 Rh5 24. h4 Nxc3 25. Bxc6 bxc6 26. Rfc1 Ne2+ 27. Kf1 Nxc1 28. Rxc1 Rg8 29. Rxc4 Rgxg5 30. hxg5 Rxg5 31. Rxc6 Rf5 32. Rxc7 Rxf6 33. Rc5 Rf4 34. Rxa5 Rxd4 35. Ke2 Kg7 36. Ke3 Rb4 37. Ra7 Kf6 38. a5 Ra4 39. a6 Kg6 40. Ra8 Kf5 41. Kd3 Ke5 42. Kc3 Ke4 43. Kb3 Ra1 44. Kb4 Kd3 45. Kb5 Ke2 46. Rf8 f5 47. g4 fxg4 48. Kb6 e5 49. a7 e4 50. Rf4 Rb1+ 51. Kc7 Ra1 52. Kb7 Rb1+ 53. Kc6 Ra1 54. Kb7 Rb1+ 55. Ka6 Ra1+ 56. Kb6 Rb1+ 57. Kc5 Ra1 58. Rxe4+ Kxf2 59. Rf4+ Kg3 60. Rf7 Kh3 61. Kd4 g3 62. Rh7+ Kg4 63. Ke3 Ra3+ 64. Ke2 g2 65. Rg7+ Kh3 66. Rh7+ Kg3 67. Rg7+ Kh2 68. Rh7+ Kg1 69. Rg7 Ra2+ 70. Kf3 Kf1 71. Rxg2 Ra3+ 72. Ke4 Kxg2 73. a8=Q Rxa8 74. Kd4 Ra3 75. Kc4 Rf3 76. Kb4 Kf2 77. Kc4 Ke2 78. Kd4 Kd2 79. Kc4 Re3 80. Kd4 Rh3 81. Kc4 Rg3 82. Kd5 Rg4 83. Ke5 Ke3 84. Kf5 Ra4 85. Ke5 Ra5+ 86. Kd6 Kd4 87. Kc6 Rh5 88. Kb6 Rg5 89. Kc6 Rh5 90. Kd7 Rh6 91. Ke7 Ke5 92. Kf7 Ra6 93. Ke7 Ra7+ 94. Kd8 Ke6 95. Kc8 Rh7 96. Kb8 Kd6 97. Kc8 Rg7 98. Kb8 Kc6 0-1


[Site "https://www.chess.com"]

[Event "Titled Tuesday Blitz March 21 Late 2023"]
[White "Vadim_Galchenko"]
[Black "Baskakov, Egor"]
[BlackFideId "24197866"]
[WhiteElo "2267"]
[BlackElo "2212"]
[Result "0-1"]
[Round "10"]
[TimeControl "180+2"]
[Date "2023.03.21"]
[WhiteClock "0:00:04"]
[BlackClock "0:00:22"]

1. e4 c5 2. a3 e5 3. Bc4 Nc6 4. Nc3 g6 5. d3 Bg7 6. f4 Nge7 7. Nf3 O-O 8. O-O d6 9. Kh1 exf4 10. Bxf4 h6 11. Qd2 Kh7 12. Rae1 Bg4 13. Nd1 d5 14. exd5 Nxd5 15. c3 Nxf4 16. Qxf4 Qd7 17. Ne3 Bxf3 18. Qxf3 Ne5 19. Qe4 f5 20. Qd5 Qc7 21. d4 cxd4 22. cxd4 Rad8 23. Qc5 Qxc5 24. dxc5 Rd2 25. b4 b6 26. Bb5 bxc5 27. bxc5 Rc8 28. Rc1 Nd3 29. Rcd1 Nf2+ 30. Rxf2 Rxf2 31. c6 a6 32. Ba4 Ra2 33. Nc4 Re2 34. Nd6 Rc7 35. Rb1 Re6 36. Rd1 Bf8 37. Nc4 Rcxc6 38. Bxc6 Rxc6 39. Rd7+ Kg8 40. Rd4 Bxa3 0-1


[Site "https://www.chess.com"]

[Event "Titled Tuesday Blitz March 21 Late 2023"]
[White "Yuan, Qingyu"]
[Black "Khandelwal, Ankush"]
[WhiteFideId "8609772"]
[BlackFideId "413470"]
[WhiteElo "2359"]
[BlackElo "2263"]
[Result "1-0"]
[Round "10"]
[TimeControl "180+2"]
[Date "2023.03.21"]
[WhiteClock "0:00:11"]
[BlackClock "0:00:15"]

1. e4 c5 2. Nf3 d6 3. Bb5+ Bd7 4. Bxd7+ Nxd7 5. O-O Ngf6 6. Qe2 e6 7. b3 Be7 8. Bb2 O-O 9. c4 a6 10. d3 b5 11. Nc3 b4 12. Nd1 a5 13. a3 bxa3 14. Rxa3 Qb6 15. Nc3 Rfb8 16. Nb5 Bf8 17. Rfa1 Ra6 18. Bc3 Rba8 19. Qe1 d5 20. e5 Ng4 21. h3 Nh6 22. Bxa5 Qb8 23. Nc7 Rxa5 24. Rxa5 Rxa5 25. Qxa5 Qxb3 26. Qa4 Qc3 27. cxd5 Nxe5 28. dxe6 Nxf3+ 29. gxf3 Qe5 30. exf7+ Nxf7 31. Nb5 Ng5 32. Kg2 Qf6 33. f4 Qc6+ 34. Kh2 Nf3+ 35. Kg3 h5 36. Qe4 h4+ 37. Kxf3 Qxb5 38. Qc4+ Qxc4 39. dxc4 Bd6 40. Ra7 Kh7 41. f5 Kh6 42. Kg4 Bg3 43. fxg3 hxg3 44. Kxg3 1-0


[Site "https://www.chess.com"]

[Event "Titled Tuesday Blitz March 21 Late 2023"]
[White "Spata, German"]
[Black "liwadas82"]
[WhiteFideId "113026"]
[WhiteElo "2238"]
[BlackElo "2420"]
[Result "1/2-1/2"]
[Round "10"]
[TimeControl "180+2"]
[Date "2023.03.21"]
[WhiteClock "0:00:43"]
[BlackClock "0:00:25"]

1. d4 Nf6 2. Nf3 e6 3. Bf4 b6 4. e3 Bb7 5. Bd3 Be7 6. h3 c5 7. c3 O-O 8. O-O d5 9. Nbd2 Bd6 10. Ne5 Nc6 11. Bh2 cxd4 12. exd4 Bxe5 13. dxe5 Nd7 14. Re1 Nc5 15. Bc2 d4 16. Nb3 dxc3 17. Nxc5 bxc5 18. bxc3 Qxd1 19. Rexd1 Rfd8 20. f4 Ne7 21. Rxd8+ Rxd8 22. Rd1 Rxd1+ 23. Bxd1 Be4 24. Bb3 Nd5 25. Bxd5 exd5 26. Kf2 d4 27. cxd4 cxd4 28. g4 g6 29. Bg1 a6 30. Ke2 Bg2 31. Bxd4 Bxh3 32. Kf3 Bf1 33. f5 gxf5 34. gxf5 Bc4 35. a3 Bd3 36. Kf4 Kf8 37. Kg5 Ke8 38. Kf6 h5 39. Bf2 Bc2 40. Bh4 Bb1 41. Bg5 Bc2 42. Bh4 Bb1 43. e6 fxe6 44. Kxe6 Ba2+ 45. Kf6 Kf8 46. Kg6 Bb1 47. Kf6 Bc2 48. Bg5 Bb1 49. Ke5 Kf7 50. Bh4 Bc2 51. Kf4 Bb1 52. Kg5 Bc2 53. Bg3 Bb1 54. Bf4 Bc2 55. Be5 Bb1 56. Bd4 Bc2 57. Bf2 Bb1 58. Kxh5 Bxf5 1/2-1/2


[Site "https://www.chess.com"]

[Event "Titled Tuesday Blitz March 21 Late 2023"]
[White "Sivakumar, Shaaketh"]
[Black "Jiganchine, Roman"]
[WhiteFideId "30940176"]
[BlackFideId "2603667"]
[WhiteElo "2174"]
[BlackElo "2330"]
[Result "1-0"]
[Round "10"]
[TimeControl "180+2"]
[Date "2023.03.21"]
[WhiteClock "0:01:35"]
[BlackClock "0:00:10"]

1. e4 c6 2. d4 d5 3. e5 Bf5 4. h4 h5 5. Bd3 Bxd3 6. Qxd3 Qa5+ 7. c3 Qa6 8. Qxa6 Nxa6 9. Ne2 e6 10. Nd2 Ne7 11. Nf1 Nf5 12. Ne3 Nh6 13. f3 c5 14. a3 Rc8 15. Bd2 Be7 16. g3 g6 17. O-O Kf8 18. b4 cxd4 19. cxd4 Kg7 20. Rac1 Nf5 21. Nxf5+ gxf5 22. Kf2 Rc4 23. Rc3 Rhc8 24. Rfc1 Rxc3 25. Rxc3 Rxc3 26. Bxc3 f6 27. Nf4 Kf7 28. exf6 Bxf6 29. Nxh5 Bh8 30. g4 Nc7 31. a4 a6 32. g5 b6 33. Nf4 Ne8 34. h5 Nd6 35. h6 Ne8 36. g6+ Kg8 37. g7 Bxg7 38. hxg7 Nxg7 39. b5 axb5 40. axb5 Kf7 41. Bb4 Ne8 42. Ne2 Nc7 43. Nc3 Nxb5 44. Nxb5 1-0


[Site "https://www.chess.com"]

[Event "Titled Tuesday Blitz March 21 Late 2023"]
[White "olga-belka"]
[Black "Di Berardino, Diego Rafael"]
[BlackFideId "2105446"]
[WhiteElo "2279"]
[BlackElo "2432"]
[Result "0-1"]
[Round "10"]
[TimeControl "180+2"]
[Date "2023.03.21"]
[WhiteClock "0:00:24"]
[BlackClock "0:01:07"]

1. e4 c5 2. Nf3 d6 3. Bb5+ Bd7 4. Bxd7+ Qxd7 5. O-O Nf6 6. Re1 Nc6 7. c3 e6 8. d4 cxd4 9. cxd4 d5 10. e5 Ne4 11. Nbd2 Nxd2 12. Bxd2 Be7 13. Rc1 O-O 14. a3 Rfc8 15. Rc3 Qd8 16. Rd3 Na5 17. g3 Nc4 18. Bc1 a5 19. h4 Ra6 20. h5 h6 21. Rc3 Rac6 22. Kg2 Nxb2 23. Bxb2 Rxc3 24. Bxc3 Rxc3 25. a4 Bb4 26. Qe2 Qd7 27. Ra1 Qc6 28. g4 Rc2 29. Qe3 Qc3 30. Qxc3 Bxc3 31. Rb1 Bb4 32. g5 hxg5 33. Nxg5 Rc4 34. Nf3 Kf8 35. Kg3 Ke7 36. Kf4 Rc2 37. Kg3 Ra2 38. Rc1 Kd7 39. Ng5 Bd2 40. Rb1 Bxg5 41. Rxb7+ Kc6 42. Rxf7 Bh6 43. Re7 Rxa4 44. Rxe6+ Kb5 45. Rd6 Rxd4 46. e6 Bf4+ 0-1


[Site "https://www.chess.com"]

[Event "Titled Tuesday Blitz March 21 Late 2023"]
[White "Urbina Perez, Juan Antonio"]
[Black "Torres Dominguez, David"]
[WhiteFideId "2217368"]
[BlackFideId "2220857"]
[WhiteElo "2197"]
[BlackElo "1999"]
[Result "1/2-1/2"]
[Round "10"]
[TimeControl "180+2"]
[Date "2023.03.21"]
[WhiteClock "0:00:36"]
[BlackClock "0:00:07"]

1. e4 Nc6 2. Nf3 e5 3. Bb5 Nge7 4. O-O g6 5. c3 Bg7 6. d4 O-O 7. d5 a6 8. Bd3 Na7 9. c4 d6 10. Nc3 c5 11. Be3 f5 12. Ne1 b5 13. f3 Bd7 14. a3 Rb8 15. Rb1 bxc4 16. Bxc4 Nb5 17. Qd3 f4 18. Bf2 Nc8 19. Nc2 Nb6 20. Bxb5 axb5 21. Nxb5 c4 22. Qd2 Bxb5 23. Nb4 Qd7 24. Rfc1 Rfc8 25. h3 c3 26. Rxc3 Rxc3 27. Qxc3 Rc8 28. Nc6 Bxc6 29. dxc6 Rxc6 30. Qb3+ Qf7 31. Qb5 Qc4 32. Qa5 Qb3 33. Qa7 Nc8 34. Qd7 Rc2 35. Qd8+ Bf8 36. Bh4 Qd3 37. Kh2 Rxg2+ 38. Kxg2 Qxb1 39. Qxc8 Qxb2+ 40. Bf2 Qxa3 41. Qe6+ Kg7 42. Bh4 g5 43. Bxg5 Qb2+ 44. Kf1 Qc1+ 45. Ke2 Qe3+ 46. Kd1 Qxf3+ 47. Ke1 Qg3+ 48. Ke2 Qxg5 49. Qd7+ Kg8 50. Qe6+ Kh8 51. Kd2 Qe7 52. Qf5 Bg7 53. Qc8+ Qf8 54. Qe6 f3 55. Ke1 Bh6 56. Kf1 f2 57. Qd7 Bg7 58. Qe6 h6 59. Qd7 Kh7 60. Qe6 Qf4 61. Qxd6 Qf3 62. Qe6 Qxe4 63. Kxf2 Qf4+ 64. Ke2 e4 65. Qd7 Qf3+ 66. Kd2 e3+ 67. Kc2 Qf2+ 68. Kb3 e2 69. Qd3+ Kg8 70. Qd8+ Kf7 71. Qd5+ Kg6 72. Qe6+ Kh7 73. Qe4+ Kg8 74. Qe8+ Qf8 75. Qxe2 Qf7+ 76. Kc2 Qc7+ 77. Kb3 Qb7+ 78. Kc2 Qc8+ 79. Kb3 Qxh3+ 80. Kc4 Qd7 81. Qe4 Qf7+ 82. Qd5 Qxd5+ 83. Kxd5 Kf7 84. Ke4 Kg6 85. Kf3 Kg5 86. Kg2 h5 87. Kh1 Kh4 88. Kg1 Kh3 89. Kh1 Bc3 90. Kg1 Bd2 91. Kh1 Bf4 92. Kg1 Kg3 93. Kh1 h4 94. Kg1 h3 95. Kh1 h2 1/2-1/2


[Site "https://www.chess.com"]

[Event "Titled Tuesday Blitz March 21 Late 2023"]
[White "ritanovikova"]
[Black "Quinones Garcia, Santiago"]
[BlackFideId "4408497"]
[WhiteElo "2230"]
[BlackElo "2263"]
[Result "0-1"]
[Round "10"]
[TimeControl "180+2"]
[Date "2023.03.21"]
[WhiteClock "0:00:03"]
[BlackClock "0:01:14"]

1. e4 e5 2. Nf3 Nc6 3. Bc4 Nf6 4. d3 Be7 5. a3 O-O 6. O-O h6 7. h3 d6 8. Nc3 Be6 9. Bxe6 fxe6 10. d4 exd4 11. Nxd4 Nxd4 12. Qxd4 d5 13. exd5 exd5 14. Qe5 c6 15. Re1 Bd6 16. Qe6+ Kh8 17. Bd2 Qc7 18. Qe2 Bf4 19. Bxf4 Qxf4 20. Qe5 Qc4 21. Qe2 Qc5 22. Na4 Qa5 23. Nc3 Rae8 24. Qd3 Rxe1+ 25. Rxe1 Qc5 26. Re2 Qd6 27. Ne4 Nxe4 28. Rxe4 Qf6 29. Re2 Qxb2 30. c4 Qc1+ 31. Kh2 Qxc4 32. Qd1 Qf4+ 33. g3 Qf3 34. Qd2 d4 35. Kg1 c5 36. Re6 Qf5 37. Re7 Rf7 38. Re8+ Kh7 39. Rc8 b6 0-1


[Site "https://www.chess.com"]

[Event "Titled Tuesday Blitz March 21 Late 2023"]
[White "benny_aizenberg"]
[Black "Kovalevsky, Stanislav"]
[BlackFideId "13508598"]
[WhiteElo "2608"]
[BlackElo "2174"]
[Result "1-0"]
[Round "10"]
[TimeControl "180+2"]
[Date "2023.03.21"]
[WhiteClock "0:00:09"]
[BlackClock "0:00:07"]

1. f4 d5 2. Nf3 Nf6 3. g3 h5 4. Bg2 e6 5. d3 Be7 6. O-O c5 7. Qe1 Nc6 8. e4 dxe4 9. dxe4 Nd4 10. Na3 Nxf3+ 11. Bxf3 h4 12. Be3 hxg3 13. hxg3 Bd7 14. Rd1 Qc7 15. e5 Nd5 16. Bf2 O-O-O 17. c4 Nb4 18. Nb5 Bxb5 19. cxb5 Nd3 20. Qe2 Nxf2 21. Qxf2 g5 22. Rxd8+ Bxd8 23. Rd1 gxf4 24. gxf4 f6 25. Rd6 fxe5 26. fxe5 Qg7+ 27. Kf1 Qxe5 28. Rd3 Rh2 29. Bxb7+ Kc7 30. Qf3 Qf5 31. Qxf5 exf5 32. Bg2 Bf6 33. b3 Bd4 34. Rg3 Kb6 35. a4 Ka5 36. Rg6 Rh7 37. Bd5 Kb4 38. Ke2 Rd7 39. Bc4 f4 40. Kf3 Be3 41. b6 axb6 42. Rxb6+ Kc3 43. a5 Ra7 44. a6 Rg7 45. Rb7 Rg3+ 46. Ke4 Rg2 47. Rc7 Ra2 48. a7 Ra3 49. Bd5 c4 50. Rxc4+ Kxb3 51. Rc8+ Kb4 52. a8=Q Rxa8 53. Rxa8 Kc5 54. Rc8+ Kd6 55. Rc6+ Kd7 56. Ke5 Bd2 57. Rc2 Be3 58. Be6+ Kd8 59. Kf6 f3 60. Rc8# 1-0


[Site "https://www.chess.com"]

[Event "Titled Tuesday Blitz March 21 Late 2023"]
[White "Yelisieiev, Yevhenii"]
[Black "marik_spb"]
[WhiteFideId "14139642"]
[WhiteElo "2447"]
[BlackElo "2420"]
[Result "1-0"]
[Round "10"]
[TimeControl "180+2"]
[Date "2023.03.21"]
[WhiteClock "0:00:41"]
[BlackClock "0:00:02"]

1. Nf3 Nf6 2. b3 g6 3. Bb2 Bg7 4. g3 O-O 5. Bg2 d5 6. O-O b6 7. c4 Bb7 8. Ne5 Nbd7 9. d4 Nxe5 10. dxe5 Ne4 11. Qc2 e6 12. Rd1 Qc8 13. Na3 Nc5 14. cxd5 exd5 15. Bxd5 Re8 16. f4 Bxd5 17. Rxd5 Qg4 18. Rad1 h5 19. Kg2 h4 20. Nc4 Ne6 21. Qe4 Bh6 22. Rf1 hxg3 23. hxg3 Rad8 24. Ne3 Qxe2+ 25. Rf2 Qa6 26. Rxd8 Rxd8 27. Nd5 Nc5 28. Nf6+ Kg7 29. Qb1 Nd3 30. e6 fxe6 31. Ng4+ Kh7 32. Rd2 Nxb2 33. Rxd8 Qe2+ 34. Kh3 Bxf4 35. Rd7+ Kg8 36. Qxg6+ 1-0


[Site "https://www.chess.com"]

[Event "Titled Tuesday Blitz March 21 Late 2023"]
[White "Rottenwohrer Suarez, Juan"]
[Black "Hajiyev, Kanan"]
[WhiteFideId "32068182"]
[BlackFideId "13404148"]
[WhiteElo "2174"]
[BlackElo "2103"]
[Result "0-1"]
[Round "10"]
[TimeControl "180+2"]
[Date "2023.03.21"]
[WhiteClock "0:00:11"]
[BlackClock "0:01:07"]

1. e4 c6 2. Nf3 d5 3. Nc3 a6 4. d4 Bg4 5. Be2 e6 6. O-O Nf6 7. e5 Nfd7 8. Ng5 Bxe2 9. Nxe2 Be7 10. f4 c5 11. c3 Nc6 12. Be3 cxd4 13. cxd4 g6 14. a3 Qb6 15. Qd2 Na5 16. b4 Nb3 17. Qb2 Nxa1 18. Qxa1 Bxg5 19. fxg5 Nxe5 20. Bf4 Nc4 21. h4 O-O 22. Kh2 a5 23. Ng3 axb4 24. h5 Rxa3 25. Qd1 b3 26. Qg4 Qxd4 27. Rd1 Ne3 0-1


[Site "https://www.chess.com"]

[Event "Titled Tuesday Blitz March 21 Late 2023"]
[White "Sztokbant, Bernardo Vainzoff"]
[Black "Castellanos Gomez, Alejandro"]
[WhiteFideId "2115956"]
[BlackFideId "22284141"]
[WhiteElo "2222"]
[BlackElo "2158"]
[Result "1/2-1/2"]
[Round "10"]
[TimeControl "180+2"]
[Date "2023.03.21"]
[WhiteClock "0:00:03"]
[BlackClock "0:00:06"]

1. e4 a6 2. d4 b5 3. Bd3 Bb7 4. f4 e6 5. Nf3 c5 6. c3 Nf6 7. Qe2 d5 8. e5 Ne4 9. Nbd2 Nxd2 10. Bxd2 Nc6 11. O-O g6 12. Be3 cxd4 13. Nxd4 Bc5 14. Qf2 Be7 15. a4 b4 16. Rfc1 bxc3 17. Rxc3 Nxd4 18. Bxd4 O-O 19. Rf1 Rc8 20. Rb3 Qd7 21. f5 exf5 22. Bxf5 Qxf5 23. Qxf5 gxf5 24. Rxb7 Bc5 25. Bxc5 Rxc5 26. Rxf5 Rc1+ 27. Kf2 d4 28. Rg5+ Kh8 29. Rg4 Rc2+ 30. Kf3 d3 31. Rd4 d2 32. b4 Ra2 33. a5 Kg7 34. Rbd7 Re8 35. Rxd2 Ra3+ 36. Kf4 Rb3 37. R2d4 Rb2 38. Ra7 Rxg2 39. Rxa6 Rxh2 40. Ra7 Rh4+ 41. Ke3 Rxe5+ 42. Kd3 Rh3+ 43. Kc4 Rh1 44. Rf4 Rc1+ 45. Kd4 Rb5 46. Rfxf7+ Kg6 47. Rg7+ Kf6 48. Raf7+ Ke6 49. Rxh7 Rxb4+ 50. Kd3 Ra1 51. Re7+ Kf6 52. Kc3 Rb5 53. Rhf7+ Kg6 54. Rg7+ Kh5 55. Rh7+ Kg6 56. Rhg7+ Kf5 57. Rgf7+ Kg4 58. Rg7+ Kf3 59. Rgf7+ Kg3 60. Rg7+ Kh4 61. Rh7+ Kg4 62. Rhg7+ Kf4 63. Rgf7+ Kg5 64. Rg7+ Kf6 65. Rgf7+ Kg5 66. Rg7+ Kh4 67. Rh7+ Kg4 68. Rhg7+ 1/2-1/2


[Site "https://www.chess.com"]

[Event "Titled Tuesday Blitz March 21 Late 2023"]
[White "Papayan, Oleg"]
[Black "Tymrakiewicz, Rafal"]
[WhiteFideId "4193911"]
[BlackFideId "1108832"]
[WhiteElo "2153"]
[BlackElo "2151"]
[Result "0-1"]
[Round "10"]
[TimeControl "180+2"]
[Date "2023.03.21"]
[WhiteClock "0:00:02"]
[BlackClock "0:00:35"]

1. e4 Nf6 2. e5 Nd5 3. d4 d6 4. c4 Nb6 5. f4 dxe5 6. fxe5 c5 7. d5 e6 8. Nc3 exd5 9. cxd5 c4 10. Nf3 Bc5 11. Bxc4 O-O 12. Bb3 Bg4 13. h3 Bh5 14. g4 Bg6 15. Bg5 Qc7 16. Qe2 Na6 17. d6 Qc6 18. Be7 Nb4 19. Bxf8 Nd3+ 20. Kd1 Nxb2+ 21. Qxb2 Qxf3+ 22. Ne2 Qxh1+ 23. Kd2 Bb4+ 24. Ke3 Qxh3+ 25. Kf4 Rxf8 26. Rg1 Bc5 27. Rg3 Qh2 28. Qd2 Nd7 29. Bd5 Re8 30. Bxb7 Bf2 0-1


[Site "https://www.chess.com"]

[Event "Titled Tuesday Blitz March 21 Late 2023"]
[White "Rios Escobar, Adan"]
[Black "Kashefi, Amir Hosein"]
[WhiteFideId "3403645"]
[BlackFideId "12557935"]
[WhiteElo "2406"]
[BlackElo "2078"]
[Result "0-1"]
[Round "10"]
[TimeControl "180+2"]
[Date "2023.03.21"]
[WhiteClock "0:02:02"]
[BlackClock "0:01:42"]

1. d4 d5 2. g3 Nf6 3. Nf3 c6 4. c4 Bf5 5. Nc3 e6 6. Nh4 Bg6 7. Qb3 Qb6 8. Nxg6 hxg6 9. c5 Qc7 10. Bg2 Nbd7 11. Bf4 e5 12. dxe5 Nxe5 13. Bxe5 Qxe5 14. Qxb7 Rb8 15. Qxc6+ Nd7 16. Nxd5 Bxc5 17. Nc7+ Ke7 18. Nd5+ Ke8 19. O-O-O Qxb2# 0-1


[Site "https://www.chess.com"]

[Event "Titled Tuesday Blitz March 21 Late 2023"]
[White "Meunier-Pion, Jean"]
[Black "Shapiro, Viktor"]
[WhiteFideId "20685327"]
[BlackFideId "4175700"]
[WhiteElo "2124"]
[BlackElo "2152"]
[Result "1-0"]
[Round "10"]
[TimeControl "180+2"]
[Date "2023.03.21"]
[WhiteClock "0:00:05"]
[BlackClock "0:00:18"]

1. e4 c5 2. Nf3 d6 3. d4 cxd4 4. Nxd4 Nf6 5. Nc3 a6 6. h3 e5 7. Nde2 h5 8. g3 Be6 9. Bg2 Nbd7 10. a4 Qc7 11. b3 Rc8 12. O-O Be7 13. Ba3 O-O 14. Rc1 Rfd8 15. Nd5 Nxd5 16. exd5 Bf5 17. c4 Nc5 18. Nc3 Bg6 19. f4 Bd3 20. Rf2 e4 21. Bxc5 Qxc5 22. Nxe4 Bxe4 23. Bxe4 h4 24. Qh5 g6 25. Bxg6 fxg6 26. Qxg6+ Kf8 27. g4 Qd4 28. g5 Qg7 29. Qe6 Qf7 30. Qh6+ Kg8 31. Qxh4 Rf8 32. Re1 Rce8 33. Re6 Qg7 34. Qh5 Qa1+ 35. Kg2 Rf7 36. Rg6+ Kf8 37. Qh6+ Rg7 38. f5 Bxg5 39. Qxg5 Re1 40. Qd8+ Kf7 41. Qd7+ Kg8 42. Qxg7+ Qxg7 43. Rxg7+ Kxg7 44. f6+ Kf7 45. Rf3 Re2+ 46. Kg3 Rb2 47. h4 Rc2 48. h5 b5 49. axb5 axb5 50. h6 bxc4 51. h7 cxb3 52. h8=Q b2 53. Qg7+ Ke8 54. Qe7# 1-0


[Site "https://www.chess.com"]

[Event "Titled Tuesday Blitz March 21 Late 2023"]
[White "Guzman Moneo, Alberto"]
[Black "Golubev, Mikhail"]
[WhiteFideId "2209616"]
[BlackFideId "14100983"]
[WhiteElo "2157"]
[BlackElo "2374"]
[Result "0-1"]
[Round "10"]
[TimeControl "180+2"]
[Date "2023.03.21"]
[WhiteClock "0:00:23"]
[BlackClock "0:00:13"]

1. e4 c5 2. Nc3 d6 3. Nge2 Nc6 4. g3 g6 5. d4 cxd4 6. Nxd4 Nf6 7. Bg2 Nxd4 8. Qxd4 Bg7 9. O-O O-O 10. h3 Be6 11. Qb4 a5 12. Qxb7 Nd7 13. Nd5 Rb8 14. Qc7 Bxd5 15. Qxd8 Rfxd8 16. exd5 Bxb2 17. Rb1 Bxc1 18. Rfxc1 Rdc8 19. h4 Rxb1 20. Rxb1 Rxc2 21. Rb7 Nc5 22. Rxe7 Rxa2 23. Re8+ Kg7 24. Rd8 a4 25. Rxd6 a3 26. Rd8 Rb2 27. Ra8 a2 28. Bf1 Nb3 29. d6 a1=Q 30. Rxa1 Nxa1 31. d7 Rd2 32. Bb5 Nb3 33. Kf1 Nc5 34. Ke1 Rd6 0-1


[Site "https://www.chess.com"]

[Event "Titled Tuesday Blitz March 21 Late 2023"]
[White "Miszler, Levente"]
[Black "ArturoCaceres"]
[WhiteFideId "763276"]
[WhiteElo "2176"]
[BlackElo "2389"]
[Result "0-1"]
[Round "10"]
[TimeControl "180+2"]
[Date "2023.03.21"]
[WhiteClock "0:02:51"]
[BlackClock "0:01:57"]

1. Nf3 Nf6 2. g3 g6 3. Bg2 Bg7 4. O-O O-O 5. c4 c6 6. d4 d5 7. a4 Ne4 8. Na3 e6 9. Be3 Na6 10. Nd2 f5 11. Rb1 Nb4 12. Nc2 a5 13. b3 Nc3 0-1


[Site "https://www.chess.com"]

[Event "Titled Tuesday Blitz March 21 Late 2023"]
[White "Kubatko, Ivan"]
[Black "Forgacs, Attila Jr."]
[WhiteFideId "24111473"]
[BlackFideId "773654"]
[WhiteElo "2285"]
[BlackElo "2168"]
[Result "1/2-1/2"]
[Round "10"]
[TimeControl "180+2"]
[Date "2023.03.21"]
[WhiteClock "0:00:06"]
[BlackClock "0:00:08"]

1. e4 e5 2. Nf3 Nc6 3. Nc3 Nf6 4. g3 d5 5. exd5 Nxd5 6. d3 Be6 7. Bg2 Bd6 8. Ng5 Nxc3 9. Nxe6 Nxd1 10. Nxd8 Rxd8 11. Kxd1 f5 12. c3 e4 13. dxe4 fxe4 14. Ke2 O-O 15. Bxe4 Ne5 16. Be3 Rde8 17. h3 c6 18. Rad1 Nc4 19. Bf3 Bxg3 20. Rhg1 Bxf2 21. Kxf2 Nxe3 22. Rd7 g6 23. Re1 Nc4 24. Rxe8 Rxe8 25. Rxb7 Rf8 26. Kg3 Ne5 27. Bg2 a5 28. Re7 Rf5 29. Ra7 Rg5+ 30. Kf2 Nd3+ 31. Kf1 Nxb2 32. Bxc6 Nd1 33. c4 Ne3+ 34. Kf2 Nd1+ 35. Ke1 Nc3 36. Bb5 h5 37. Rxa5 Kg7 38. Kd2 Ne4+ 39. Ke3 Ng3 40. Ra7+ Kh6 41. h4 Nf5+ 42. Kd3 Nxh4 43. Kc3 Rg3+ 44. Kb4 Nf5 45. a4 h4 46. Bc6 h3 47. Bd5 Ne3 48. Bc6 Nc2+ 49. Kc5 Rg5+ 50. Kb6 h2 51. Ra8 Rh5 52. Rh8+ Kg5 53. Rxh5+ Kxh5 54. a5 Nb4 55. Bb7 g5 56. a6 Nxa6 57. Kxa6 g4 58. Bg2 Kh4 59. c5 Kg3 60. Bh1 Kf2 61. c6 g3 62. c7 g2 63. Bxg2 Kxg2 64. c8=Q h1=Q 65. Qb7+ Kg1 66. Qxh1+ Kxh1 1/2-1/2


[Site "https://www.chess.com"]

[Event "Titled Tuesday Blitz March 21 Late 2023"]
[White "Wizard_of_Odds"]
[Black "Stelmaszyk, Nico"]
[BlackFideId "16200462"]
[WhiteElo "2369"]
[BlackElo "2255"]
[Result "0-1"]
[Round "10"]
[TimeControl "180+2"]
[Date "2023.03.21"]
[WhiteClock "0:00:11"]
[BlackClock "0:01:13"]

1. d4 d5 2. c4 e6 3. Nc3 a6 4. cxd5 exd5 5. Bf4 c6 6. e3 Bd6 7. Nge2 Bxf4 8. Nxf4 Bf5 9. g4 Bd7 10. h4 Qe7 11. Bd3 h6 12. Qf3 a5 13. Nh5 Kf8 14. O-O-O Na6 15. Ng3 Nb4 16. Bf5 Nf6 17. a3 Na6 18. Bxd7 Qxd7 19. Nf5 b5 20. g5 Ng8 21. Qf4 b4 22. axb4 axb4 23. Na4 Qc7 24. Qxc7 Nxc7 25. Nc5 hxg5 26. Kc2 gxh4 27. Nxh4 Nf6 28. Ng6+ fxg6 29. Rxh8+ Kf7 30. Rxa8 Nxa8 31. Ra1 Nb6 32. Ra6 Nc4 33. Rxc6 Ng4 34. Nd3 g5 35. b3 Na3+ 36. Kd2 Nb1+ 37. Ke2 Nc3+ 38. Kf3 Nf6 39. Nxb4 Nce4 40. Kg2 g4 41. Rc7+ Kg6 42. Rc1 Kf5 43. Nd3 g5 44. b4 g3 45. fxg3 Ng4 46. Rf1+ Ke6 47. Nc5+ Nxc5 48. bxc5 Nxe3+ 49. Kf2 Nc2 50. Re1+ Kd7 51. Rd1 g4 52. Ke2 Kc6 53. Kd3 Nb4+ 54. Kc3 Na6 55. Rf1 Nc7 56. Rf6+ Kb5 57. Rb6+ Ka5 58. Rg6 Nb5+ 59. Kd3 Na7 60. Rxg4 Kb4 61. Rg7 Nc6 62. Rb7+ Ka5 63. Rb6 Ne7 64. g4 Ka4 65. g5 Ka5 66. g6 Ka4 67. Re6 Ng8 68. g7 Kb5 69. Re8 Nf6 70. g8=Q Nxg8 71. Rxg8 Kc6 72. Rg6+ Kb5 73. Rb6+ Ka5 74. Rb1 Ka4 75. c6 Ka3 76. c7 Ka2 77. Rb7 Ka3 78. c8=Q Ka4 0-1


[Site "https://www.chess.com"]

[Event "Titled Tuesday Blitz March 21 Late 2023"]
[White "Cyfka, Karina"]
[Black "Abduzhaparov"]
[WhiteFideId "1122681"]
[WhiteElo "2241"]
[BlackElo "2366"]
[Result "0-1"]
[Round "10"]
[TimeControl "180+2"]
[Date "2023.03.21"]
[WhiteClock "0:00:46"]
[BlackClock "0:01:10"]

1. e4 d6 2. d4 Nf6 3. Nc3 e5 4. dxe5 dxe5 5. Qxd8+ Kxd8 6. f3 Be6 7. Be3 Nbd7 8. O-O-O c6 9. g4 Kc7 10. h4 Bc5 11. Bxc5 Nxc5 12. Nh3 b5 13. Ng5 h6 14. Nxe6+ Nxe6 15. a4 a6 16. b3 Rad8 17. Bd3 Nd7 18. axb5 axb5 19. Kb2 Ndc5 20. Be2 Nd4 21. Ra1 b4 22. Na4 Nxa4+ 23. Rxa4 Nxe2 24. Ra7+ Kb6 25. Rha1 Nc3 26. R1a6+ Kc5 27. Ra5+ Kd4 28. Rb7 c5 29. Rxf7 Ke3 30. Rxc5 Rd1 31. Rxc3+ bxc3+ 32. Kxc3 Rc8+ 33. Kb4 Rxc2 34. Rxg7 Kxf3 35. g5 hxg5 36. hxg5 Rd4+ 37. Kb5 Rb2 38. g6 Rxb3+ 39. Kc5 Rc3+ 40. Kb5 Rxe4 41. Rf7+ Ke3 42. g7 Rg4 43. Re7 e4 44. Kb4 Rc1 45. Kb3 Rcg1 46. Kc2 Rxg7 0-1


[Site "https://www.chess.com"]